 Dungeon Crawl Stone Soup version 0.31-a0-799-g6bc09d010c (webtiles) character file.

Game seed: 3483143735576109846

73 Essalna the Conjurer (level 4, 30/30 HPs)
             Began as a Demonspawn Conjurer on Sept 19, 2023.
             Got out of the dungeon alive.
             The game lasted 00:04:42 (2867 turns).

Essalna the Conjurer (Demonspawn Conjurer)          Turns: 2867, Time: 00:04:42

Health: 30/30      AC:  2    Str:  8    XL:     4   Next: 8%
Magic:  8/8        EV: 14    Int: 21    God:
Gold:   100        SH:  0    Dex: 17    Spells: 6/9 levels left

rFire   . . .        f - +0 short sword
rCold   . . .        (no shield)
rNeg    . . .        a - +0 robe
rPois   .            (no helmet)
rElec   .            (no cloak)
rCorr   .            (no gloves)
SInv    .            (no boots)
Will    .....        (no amulet)
Stlth   ++           g - +6 ring of dexterity
HPRegen 0.25/turn    (no ring)
MPRegen 0.11/turn

%: no passive effects
@: no status effects
A: repulsion field 1, demonic guardian 1
a: no special abilities


You escaped.
You visited 1 branch of the dungeon, and saw 3 of its levels.

You collected 100 gold pieces.

Inventory:

Hand Weapons
 f - a +0 short sword (weapon)
Armour
 a - a +0 robe (worn)
Jewellery
 g - a +6 ring of dexterity (left hand)
Wands
 o - a wand of light (8)
Scrolls
 c - a scroll of noise {unknown}
 e - 2 scrolls of torment {unknown}
 i - a scroll of immolation {unknown}
 n - a scroll of identify {unknown}
 p - a scroll of summoning {unknown}
 q - a scroll of fog {unknown}
 r - a scroll of teleportation {unknown}
Potions
 b - 2 potions of magic
 d - a potion of cancellation {unknown}
 h - a potion of heal wounds {unknown}
 j - a potion of attraction {unknown}
 k - a potion of brilliance {unknown}
 l - 3 potions of enlightenment {unknown}
 m - a potion of berserk rage {unknown}
 s - 2 potions of resistance {unknown}


   Skills:
 - Level 1.7 Dodging
 - Level 1.7 Stealth
 + Level 3.2 Spellcasting
 + Level 4.9 Conjurations


You had 6 spell levels left.
You knew the following spells:

 Your Spells              Type           Power      Damage    Failure   Level
a - Magic Dart            Conj           96%        1d7       1%          1
b - Searing Ray           Conj           48%        2d6       2%          2

Your spell library contained the following spells:

 Spells                   Type           Power      Damage    Failure   Level
 Dazzling Flash           Conj/Hex       26%        N/A       14%         3
 Fulminant Prism          Conj/Hex       6%         3d6       43%         4
 Iskenderun's Mystic Bla  Conj/Tloc      13%        2d5       43%         4
 Summon Forest            Summ/Tloc      1%         N/A       98%         5
 Eringya's Noxious Bog    Tmut/Pois      1%         4d6       100%        6
 Haunt                    Necr/Summ      1%         N/A       100%        7
 Summon Hydra             Summ           1%         N/A       100%        7
 Borgnjor's Revivificati  Necr           1%         N/A       100%        8
 Death's Door             Necr           1%         N/A       100%        9


Dungeon Overview and Level Annotations

Branches:
Dungeon (3/15)

Altars:

Shops:
D:2 :*   D:3 *


Innate Abilities, Weirdness & Mutations

You are surrounded by a mild repulsion field. (EV +2)
A weak demonic guardian rushes to your aid.


Message History

HP restored.
A goblin comes into view. It is wielding a +0 club.
The goblin shouts!
A goblin is nearby!
A goblin is nearby!
Found a glowing sling.
The goblin attacks as it pursues you! The goblin closely misses you.
There is an escape hatch in the ceiling here.
The goblin misses you. A mysterious force pulls you upwards.
The hatch slams shut behind you.
A goblin is nearby!
You hit the goblin but do no damage. The goblin barely misses you.
You barely miss the goblin. The goblin hits you with a +0 club.
You completely miss the goblin. The goblin hits you with a +0 club.
You hit the goblin.
You kill the goblin!
No target in view!
No target in view!
No target in view!
No target in view!
No target in view!
No target in view!
No target in view!
No target in view!
No target in view!
No target in view!
No target in view!
No target in view!
HP restored.
There is a stone staircase leading up here.
You see here a +0 hand axe.
There is a stone staircase leading up here.
You climb upwards.
There is a stone staircase leading down here.
There is an open door here.
There is an open door here.
You open the door.
There is an open door here.
There is a staircase leading out of the dungeon here.
You have escaped!

#.....# ###############.###.# ##
#.................#.# # .#
#.#############.#.#.# # .#
#.#####.#.....#.#.#.# # .#
#.............#.#.#.# # .#
#######...########.....# #####
.# #.....#...'.....##.....#
#.... .#
#.....'...#..@..##.....# #....
.###.....##.##.....##.....#
#....
...########.####'####.....#
#....
##...(..##...##...........#
#....
##.....##...##...........###....
####'####.####'####.#.#.#......
#.....##.##.....##.........>..
#..>..#...#.....##.###........
#.....#...#.....##...'........


There were no monsters in sight!

Vanquished Creatures
  An adder (D:2)
  3 worms (D:2)
  A dart slug (D:1)
  3 orcs (D:3)
  4 ball pythons
  5 endoplasms
  2 giant cockroaches
  A goblin (D:2)
  3 hobgoblins
  8 kobolds
  3 quokkas
  3 bats (D:1)
  3 frilled lizards
  5 rats
45 creatures vanquished.

Vanquished Creatures (collateral kills)
  A worm (D:3)
1 creature vanquished.

Grand Total: 46 creatures vanquished

Notes
Turn   | Place    | Note
-------+----------+-------------------------------------------
     0 | D:1      | Essalna the Demonspawn Conjurer began the quest for the
                  | Orb.
     0 | D:1      | Reached XP level 1. HP: 13/13 MP: 3/3
   334 | D:1      | Gained mutation: You are surrounded by a mild repulsion
                  | field. (EV +2) [demonic ancestry]
   334 | D:1      | Reached XP level 2. HP: 12/19 MP: 1/5
   958 | D:1      | Reached XP level 3. HP: 24/24 MP: 5/7
  1410 | D:2      | Found a faded altar of an unknown god.
  2087 | D:2      | Found Ceow's Assorted Antiques.
  2101 | D:2      | Found Boawkex's Book Emporium.
  2248 | D:2      | Learned a level 2 spell: Searing Ray
  2486 | D:3      | Found Foaf's Assorted Antiques.
  2610 | D:3      | Gained mutation: A weak demonic guardian rushes to your
                  | aid. [demonic ancestry]
  2610 | D:3      | Reached XP level 4. HP: 30/30 MP: 3/8
  2867 | D:$      | Got out of the dungeon alive.

Illustrated notes

Levels and vault maps discovered:
D:1:      dpeg_arrival_houses_and_road, layout_basic, minmay_crystal_water,
          dreamdust_princess_corridor
D:2:      layout_loops_ring, chequers_ecumenical_altar_simple, basic_altar,
          serial_shops, shop, shop, supply_closet_lemuel, dk_noncrumbling_2
D:3:      layout_loops_ring, serial_shops,
          nicolae_shop_competitors_out_of_business, shop,
          nicolae_shop_pleasant_corner_grove, nicolae_shop_waterfront,
          minmay_misc_feat_more_columns

Skill      XL: |  1  2  3 |
---------------+----------+-----
Spellcasting   | 3 |  3.2
Dodging        | |  1.7
Stealth        | |  1.7
Conjurations   | |  4.9

Action                     |  1- 3 |  4- 6 || total
---------------------------+-------+-------++-------
  Melee: Unarmed           |     9 |       ||     9
         Punch             |     2 |       ||     2
         Short sword       |    22 |     5 ||    27
   Cast: Magic Dart        |    93 |       ||    93
 Armour: Robe              |    11 |     9 ||    20
  Dodge: Dodged            |    20 |     8 ||    28

Table legend: (Time is in decaauts)
 A = Elapsed time spent in this place.
 B = Non-inter-level travel time spent in this place.
 C = Inter-level travel time spent in this place.
 D = Time resting spent in this place.
 E = Time spent auto-exploring this place.
 F = Levels seen in this place.
 G = Mean time per level.
                   A        B        C        D        E       F      G
               +--------+--------+--------+--------+--------+-----+--------+
         Total |   2866 |   2740 |    126 |      0 |   2427 |   3 |  955.3 |
       Dungeon |   2866 |   2740 |    126 |      0 |   2427 |   3 |  955.3 |
               +--------+--------+--------+--------+--------+-----+--------+

Top non-repeatable levels by time:
     D:1: 1450 daAuts
     D:2: 1056 daAuts
     D:3: 359 daAuts
